Map: Newkirk Precinct TE (Void)

Players

PiLiPiLi - Winner!

  • Race: Protoss Protoss
  • Spawn Location: 5:00

Dayshi

  • Race: Terran Terran
  • Spawn Location: 7:00

Event: IEM XI Katowice - World Championship 2017

VOD

Have the link to the VOD?

Description

Time

  • Played on: Feb. 27, 2017, 12:36 p.m.
  • Length: 11:47

All games in this series

Show
View Real Time Build Order
Export as new Build Order

PiLiPiLi Protoss - Winner!

Build Orders: Oracle Opening 

Get SALT Encoding   

  12  0:01  Probe (Chrono Boost)  
  13  0:11  Probe (Chrono Boost)  
  14  0:18  Pylon  
  14  0:22  Probe (Chrono Boost)  
  15  0:36  Probe (Chrono Boost)  
  15  0:37  Gateway  
  16  0:43  Assimilator  
  16  0:46  Probe (Chrono Boost)  
  17  0:51  Assimilator  
  18  0:57  Probe (Chrono Boost)  
  18  1:07  Probe (Chrono Boost)  
  19  1:18  Probe (Chrono Boost)  
  20  1:24  Cybernetics Core  
  20  1:27  Pylon  
  20  1:28  Probe (Chrono Boost)  
  21  1:39  Probe (Chrono Boost)  
  22  1:50  Probe (Chrono Boost)  
  23  1:54  Nexus  
  25  2:01  Mothership Core (Chrono Boost)  
  25  2:06  Adept  
  27  2:10  Warp Gate  
  27  2:19  Probe (Chrono Boost)  
  27  2:21  Pylon  
  28  2:30  Adept  
  28  2:32  Probe (Chrono Boost)  
  31  2:41  Stargate  
  32  2:45  Probe (Chrono Boost)  
  31  2:53  Adept  
  31  2:57  Probe (Chrono Boost)  
  34  3:09  Probe (Chrono Boost)  
  34  3:10  Probe (Chrono Boost)  
  37  3:20  Oracle  
  37  3:21  Probe x2 (Chrono Boost)  
  41  3:33  Probe (Chrono Boost)  
  42  3:38  Probe (Chrono Boost)  
  42  3:40  Gateway  
  43  3:41  Gateway  
  43  3:45  Pylon, Probe (Chrono Boost)  
  45  3:48  Probe (Chrono Boost)  
  45  3:52  Pylon  
  45  3:58  Probe (Chrono Boost)  
  45  3:59  Probe (Chrono Boost)  
  45  4:00  Oracle  
  49  4:09  Probe (Chrono Boost)  
  52  4:10  Probe (Chrono Boost)  
  52  4:20  Probe (Chrono Boost)  
  52  4:22  Probe (Chrono Boost)  
  54  4:30  Probe (Chrono Boost)  
  53  4:34  Probe (Chrono Boost)  
  47  4:41  Probe (Chrono Boost)  
  49  4:45  Phoenix  
  49  4:46  Adept x3, Probe (Chrono Boost)  
  49  4:51  Probe (Chrono Boost)  
  58  4:58  Probe (Chrono Boost)  
  59  5:02  Probe (Chrono Boost)  
  59  5:05  Nexus  
  59  5:06  Assimilator  
  60  5:10  Assimilator, Probe (Chrono Boost)  
  60  5:12  Probe (Chrono Boost)  
  60  5:13  Forge  
  62  5:18  Twilight Council  
  63  5:22  Probe (Chrono Boost)  
  63  5:23  Probe (Chrono Boost)  
  64  5:33  Probe (Chrono Boost)  
  64  5:34  Probe (Chrono Boost)  
  66  5:37  Adept x2  
  69  5:44  Probe (Chrono Boost)  
  69  5:47  Pylon  
  70  5:51  Probe (Chrono Boost)  
  70  5:55  Pylon  
  70  6:00  Protoss Ground Weapons Level 1  
  70  6:03  Phoenix  
  70  6:04  Resonating Glaives  
  70  6:05  Probe (Chrono Boost)  
  70  6:08  Probe (Chrono Boost)  
  74  6:17  Probe (Chrono Boost)  
  75  6:18  Gateway  
  75  6:19  Gateway  
  75  6:20  Probe (Chrono Boost), Gateway  
  75  6:24  Phoenix  
  76  6:29  Probe (Chrono Boost)  
  76  6:32  Probe x2 (Chrono Boost)  
  81  6:33  Adept x3  
  81  6:37  Robotics Facility  
  87  6:42  Probe (Chrono Boost)  
  87  6:45  Probe (Chrono Boost)  
  87  6:46  Probe (Chrono Boost)  
  90  6:53  Phoenix  
  90  6:56  Probe (Chrono Boost)  
  90  6:58  Probe (Chrono Boost)  
  94  7:02  Gateway  
  94  7:03  Gateway  
  94  7:08  Gateway  
  94  7:12  Pylon  
  94  7:15  Phoenix  
  96  7:20  Adept, Warp Prism  
  98  7:23  Pylon  
  98  7:26  Pylon  
  100  7:30  Pylon  
  100  7:31  Pylon  
  100  7:32  Adept x2  
  100  7:34  Pylon  
  104  7:38  Phoenix  
  104  7:39  Protoss Ground Armor Level 1, Adept x2  
  110  7:53  Adept x3  
  110  7:54  Adept  
  110  7:55  Observer  
  119  7:59  Phoenix  
  121  8:08  Pylon  
  121  8:10  Pylon  
  121  8:11  Adept x5  
  131  8:18  Adept  
  131  8:19  Adept x3  
  139  8:32  Adept x5  
  146  8:40  Observer  
  134  8:47  Photon Cannon  
  123  8:52  Adept x9  
  141  8:56  Warp Prism  
  143  9:05  Photon Cannon  
  143  9:21  Phoenix  
  143  9:26  Adept x6  
  143  9:28  Pylon  
  143  9:29  Pylon  
  157  9:48  Adept x6  
  157  9:49  Adept x2  
  161  9:53  Probe x2 (Chrono Boost)  
  161  9:54  Probe (Chrono Boost)  
  137  10:12  Observer  
  137  10:14  Probe x3 (Chrono Boost)  
  133  10:22  Photon Cannon  
  133  10:26  Probe x2 (Chrono Boost)  
  133  10:27  Probe (Chrono Boost)  
  130  10:32  Adept x6  
  142  10:38  Probe (Chrono Boost)  
  131  10:54  Probe x2 (Chrono Boost)  
  117  11:02  Adept x7  
  119  11:10  Adept  
  119  11:11  Adept  
  97  11:26  Adept x5  
  97  11:27  Adept  
  101  11:39  Adept x3  
Show
View Real Time Build Order
Export as new Build Order

Dayshi Terran 

Build Orders: Reaper Expand, MMM Bio 

Get SALT Encoding   

  12  0:00  SCV  
  13  0:12  SCV  
  14  0:18  Supply Depot  
  14  0:24  SCV  
  15  0:29  Refinery  
  15  0:40  SCV  
  16  0:45  Barracks  
  16  0:52  SCV  
  17  1:04  SCV  
  18  1:16  SCV  
  19  1:32  Reaper, Orbital Command  
  20  1:44  Command Center  
  20  1:54  Factory  
  20  1:57  SCV  
  21  2:06  Barracks Reactor  
  21  2:08  Supply Depot  
  21  2:11  SCV  
  22  2:18  Refinery  
  22  2:23  SCV  
  23  2:35  SCV  
  24  2:43  Marine, Starport  
  24  2:44  Marine  
  26  2:48  SCV  
  27  2:51  Widow Mine  
  27  2:56  Orbital Command  
  29  3:00  SCV  
  29  3:01  Marine x2  
  31  3:13  SCV  
  31  3:19  Marine x2  
  31  3:22  Widow Mine, Medivac  
  31  3:25  SCV  
  36  3:34  SCV  
  37  3:37  Marine x2, SCV  
  40  3:41  Supply Depot  
  40  3:46  SCV  
  41  3:50  SCV  
  41  3:55  Factory Tech Lab, Viking  
  42  3:56  Marine x2  
  46  4:03  SCV x2  
  46  4:04  Supply Depot  
  48  4:14  Siege Tank  
  48  4:16  SCV  
  48  4:17  SCV  
  53  4:18  Marine  
  54  4:29  Barracks  
  54  4:31  Starport Tech Lab, SCV x2  
  54  4:32  Barracks  
  54  4:35  Marine  
  54  4:36  Marine  
  55  4:46  SCV  
  55  4:52  SCV  
  57  4:57  Engineering Bay  
  57  4:58  Marine x2, SCV, Refinery  
  57  4:59  Starport Reactor, Factory Reactor  
  58  5:04  Supply Depot  
  58  5:11  SCV x2  
  60  5:16  Marine x2, Command Center  
  62  5:25  Marine  
  62  5:26  Stimpack  
  62  5:27  Terran Infantry Weapons Level 1  
  62  5:28  Supply Depot  
  63  5:29  Combat Shields  
  63  5:32  SCV  
  63  5:34  Marine  
  63  5:35  Marine  
  66  5:39  Marine  
  66  5:41  Widow Mine  
  69  5:46  Marine  
  69  5:49  Widow Mine, SCV x2  
  74  5:50  Barracks  
  74  5:55  Barracks  
  73  6:03  SCV x2  
  74  6:04  Marine x2  
  74  6:05  Marine x2  
  74  6:09  Starport Reactor  
  77  6:12  Supply Depot  
  77  6:13  Refinery  
  77  6:15  Widow Mine  
  77  6:16  SCV  
  80  6:21  Widow Mine  
  80  6:22  Marine x2  
  80  6:24  SCV  
  85  6:28  Marauder, SCV, Orbital Command  
  85  6:32  Marauder  
  90  6:38  Marine x2  
  92  6:40  Marine x2  
  92  6:42  SCV x2  
  92  6:43  Barracks Tech Lab  
  96  6:49  Concussive Shells  
  96  6:50  Medivac x2  
  95  6:56  Marauder, Orbital Command  
  95  6:57  Marauder  
  99  7:02  Marine x2, Marauder  
  99  7:05  Marine x2  
  99  7:07  Supply Depot  
  105  7:10  Supply Depot  
  103  7:17  SCV  
  103  7:18  SCV  
  103  7:20  Marauder x2  
  109  7:28  Widow Mine  
  109  7:29  Marauder, SCV, Medivac  
  117  7:30  SCV  
  117  7:36  Marine, Medivac  
  120  7:38  Marine  
  120  7:41  Supply Depot, Marauder  
  123  7:44  Supply Depot, SCV  
  123  7:45  Supply Depot  
  122  7:52  Marine, Marauder  
  125  8:02  Widow Mine x2  
  125  8:03  Marine x2, Medivac  
  125  8:04  Supply Depot  
  133  8:06  Marauder, SCV x2, Medivac  
  133  8:08  Supply Depot  
  137  8:15  SCV  
  137  8:16  Marine, Marauder x2  
  137  8:18  SCV  
  144  8:27  Marine  
  144  8:28  Marauder  
  144  8:29  Marine  
  131  8:37  Marine, Marauder x2  
  117  8:43  Marine  
  117  8:46  Marine  
  117  8:47  Widow Mine x2  
  112  8:49  Marauder  
  112  8:52  Marine  
  112  8:54  Medivac x2  
  115  8:56  Missile Turret  
  115  8:57  Bunker  
  115  8:58  Bunker  
  115  8:59  Marauder x2  
  117  9:03  Marine x2  
  117  9:08  Marine  
  118  9:10  Marine, Marauder  
  118  9:15  Widow Mine  
  118  9:16  Widow Mine  
  125  9:20  Marine, Marauder x2  
  125  9:21  Marine  
  121  9:25  Medivac x2  
  121  9:26  Marine  
  121  9:28  Marine  
  127  9:32  Marauder  
  127  9:34  Refinery  
  128  9:38  Marine x2  
  128  9:41  Marauder  
  128  9:42  Marauder  
  128  9:44  Marine, Widow Mine x2  
  135  9:46  Marine  
  134  9:53  Marauder  
  134  9:56  Marine x2  
  127  10:01  SCV x2  
  127  10:02  Marine  
  127  10:03  Marauder x2  
  127  10:04  Marine  
  127  10:05  Orbital Command  
  125  10:14  Marine  
  116  10:15  Marauder  
  115  10:24  Marauder x2  
  112  10:32  SCV x3  
  115  10:42  Marine x2  
  117  10:43  Marauder  
  117  10:49  Marine, Marauder  
  109  10:51  Marine  
  109  10:52  Marauder  
  100  11:00  Marine x2  
  95  11:04  Marauder  
  95  11:06  Marine  
  95  11:09  Marine, Widow Mine  
  95  11:11  Marauder  
  94  11:13  Widow Mine, Marauder  
  94  11:18  Marine x2  
  85  11:24  Marine  
  85  11:25  Marine  
  74  11:27  Marine  
  64  11:34  SCV  

Tags
 
Add a new tag
Caveats
  • Supply blocks, unpowered buildings, or Contaminate may cause inaccurate times.
  • Supply counts are checked every 10 seconds.